 Dungeon Crawl Stone Soup version bcrawl-1.26.1 (webtiles) character file.

Game seed: 15350579362939133927

174981 Goodini51 the Ducker (level 5, 0/47 HPs)
             Began as a Gnoll Reaver on July 12, 2020.
             Was a Follower of Vehumet.
             Slain by Grinder (9 damage)
             ... while paralysed by Grinder
             ... on level 3 of the Dungeon.
             The game lasted 00:06:50 (1594 turns).

Goodini51 the Ducker (Gnoll Reaver)                 Turns: 1594, Time: 00:06:50

Health: 0/47       AC:  5    Str: 15    XL:     5   Next: 11%
Magic:  9/12       EV:  2    Int: 16    God:    Vehumet [*.....]
Gold:   147        SH:  0    Dex: 13    Spells: 13/14 levels left

rFire    . . .     SeeInvis .   a - +0 war axe
rCold    . . .     Gourm    .   i - +0 buckler
rNeg     . . .     Faith    .   b - +0 steam dragon scales
rPois    .         Spirit   .   (no helmet)
rElec    .         Reflect  .   (no cloak)
rCorr    .         Harm     .   (no gloves)
MR       .....                  (no boots)
Stlth    ++........             (no amulet)
HPRegen  0.15/turn              (no ring)
MPRegen  0.13/turn              (no ring)

@: paralysed
A: distributed training, fangs 1, strong nose
a: Renounce Religion


You were on level 3 of the Dungeon.
You worshipped Vehumet.
Vehumet was aware of your devotion.
You were not hungry.

You visited 1 branch of the dungeon, and saw 3 of its levels.

You collected 147 gold pieces.

Inventory:

Hand Weapons
 a - a +0 war axe (weapon)
Armour
 b - +0 steam dragon scales (worn)
 i - a +0 buckler (worn)
Scrolls
 d - a scroll of immolation
 f - a scroll of blinking {unknown}
 g - a scroll of amnesia {unknown}
 l - a scroll of teleportation {unknown}
 n - a scroll of identify
Potions
 c - a potion of haste
 h - a potion of lignification {unknown}
 j - 2 potions of agility {unknown}
 k - a potion of mutation {unknown}
 m - a potion of brilliance {unknown}
 o - a potion of might {unknown}
 q - a potion of heal wounds {unknown}
Comestibles
 e - 8 rations {!d}


   Skills:
 + Level 6.6 Fighting
 + Level 1.3 Short Blades
 + Level 1.3 Long Blades
 + Level 6.6 Axes
 + Level 1.3 Maces & Flails
 + Level 1.3 Polearms
 + Level 1.3 Staves
 + Level 1.3 Slings
 + Level 1.3 Bows
 + Level 1.3 Crossbows
 + Level 1.3 Throwing
 + Level 1.3 Armour
 + Level 6.6 Dodging
 + Level 1.3 Stealth
 + Level 1.3 Shields
 + Level 1.3 Unarmed Combat
 + Level 5.1 Spellcasting
 + Level 1.1 Conjurations
 + Level 1.1 Hexes
 + Level 1.1 Charms
 + Level 1.1 Summonings
 + Level 1.1 Necromancy
 + Level 1.1 Translocations
 + Level 1.1 Transmutations
 + Level 1.1 Fire Magic
 + Level 1.1 Ice Magic
 + Level 1.1 Air Magic
 + Level 1.1 Earth Magic
 + Level 1.1 Poison Magic
 + Level 1.5 Invocations
 + Level 1.3 Evocations


You had 13 spell levels left.
You knew the following spells:

 Your Spells              Type           Power        Failure   Level  Hunger
a - Shock                 Conj/Air       #....        7%          1    None

Your spell library contained the following spells:

 Spells                   Type           Power        Failure   Level  Hunger
 Iskenderun's Battlesphe  Conj/Chrm      #.......     82%         5    ######.


Dungeon Overview and Level Annotations

Branches:
Dungeon (3/12)

Altars:
Fedhas
Qazlal

Annotations:
D:3 Grinder


Innate Abilities, Weirdness & Mutations

Your experience applies equally to all skills.
You have very sharp teeth.
Your uncanny sense of smell can sniff out nearby items.


Message History

Grinder is heavily wounded.
Grinder hits you.
You writhe in agony.
You closely miss Grinder.
Grinder is heavily wounded.
Grinder completely misses you. Grinder misses you.
You closely miss Grinder.
Grinder is heavily wounded.
Grinder completely misses you.
Your shield prevents you from hitting Grinder.
Grinder is heavily wounded.
Grinder says, "Tell me all your secrets, or I'll kill you."
Grinder hits you!
You slash Grinder!
Grinder is severely wounded.
Grinder gestures at you.
You suddenly lose the ability to move!
Grinder hits you.
You writhe in agony.
* * * LOW HITPOINT WARNING * * *
Grinder hits you!
You die...

## ...
#..##
#...#######
#....<...!#
#....@....#
#....5....#
#.........#
#..[......#
#.........#
#.........#
........###
######....


You could see Grinder.

Vanquished Creatures
  Jessica (D:2)
  Terence (D:2)
  An adder (D:2)
  A worm (D:2)
  3 dart slugs
  2 leopard geckos
  An orc (D:3)
  2 giant cockroaches (D:1)
  5 goblins
  6 hobgoblins
  4 jackals (D:1)
  11 kobolds
  A quokka (D:2)
  A ball python (D:1)
  6 bats
  5 frilled lizards
  5 rats
56 creatures vanquished.

Notes
Turn   | Place    | Note
-------+----------+-------------------------------------------
     0 | D:1      | Goodini51 the Gnoll Reaver began the quest for the Orb.
     0 | D:1      | Reached XP level 1. HP: 23/23 MP: 6/6
     3 | D:1      | Noticed an electric eel
     3 | D:1      | Noticed an electric eel
   117 | D:1      | Reached XP level 2. HP: 29/29 MP: 7/7
   293 | D:1      | Reached XP level 3. HP: 35/35 MP: 9/9
   328 | D:1      | Reached * piety under Vehumet
   328 | D:1      | Offered knowledge of Shock by Vehumet.
   328 | D:1      | Reached skill level 5 in Spellcasting
   364 | D:1      | Learned a level 1 spell: Shock
   826 | D:2      | Reached skill level 1 in Invocations
  1008 | D:2      | Found a blossoming altar of Fedhas.
  1011 | D:2      | Found a stormy altar of Qazlal.
  1103 | D:2      | Reached skill level 1 in Short Blades
  1103 | D:2      | Reached skill level 1 in Long Blades
  1103 | D:2      | Reached skill level 1 in Maces & Flails
  1103 | D:2      | Reached skill level 1 in Polearms
  1103 | D:2      | Reached skill level 1 in Staves
  1103 | D:2      | Reached skill level 1 in Slings
  1103 | D:2      | Reached skill level 1 in Bows
  1103 | D:2      | Reached skill level 1 in Crossbows
  1103 | D:2      | Reached skill level 1 in Throwing
  1103 | D:2      | Reached skill level 1 in Armour
  1103 | D:2      | Reached skill level 1 in Stealth
  1103 | D:2      | Reached skill level 1 in Shields
  1103 | D:2      | Reached skill level 1 in Unarmed Combat
  1103 | D:2      | Reached skill level 1 in Evocations
  1226 | D:2      | Noticed Terence
  1236 | D:2      | Killed Terence
  1236 | D:2      | Reached XP level 4. HP: 41/41 MP: 3/11
  1332 | D:2      | Noticed Jessica
  1342 | D:2      | Killed Jessica
  1342 | D:2      | Reached skill level 1 in Conjurations
  1342 | D:2      | Reached skill level 1 in Hexes
  1342 | D:2      | Reached skill level 1 in Charms
  1342 | D:2      | Reached skill level 1 in Summonings
  1342 | D:2      | Reached skill level 1 in Necromancy
  1342 | D:2      | Reached skill level 1 in Translocations
  1342 | D:2      | Reached skill level 1 in Transmutations
  1342 | D:2      | Reached skill level 1 in Fire Magic
  1342 | D:2      | Reached skill level 1 in Ice Magic
  1342 | D:2      | Reached skill level 1 in Air Magic
  1342 | D:2      | Reached skill level 1 in Earth Magic
  1342 | D:2      | Reached skill level 1 in Poison Magic
  1552 | D:3      | Reached XP level 5. HP: 47/47 MP: 8/12
  1553 | D:3      | Noticed Grinder
  1592 | D:3      | Paralysed by Grinder for 3 turns
  1594 | D:3      | Slain by Grinder

Skill      XL: |  1  2  3  4 |
---------------+-------------+-----
Spellcasting   | 5 |  5.1
Invocations    | 1 |  1.5
Short Blades   | 1 |  1.3
Long Blades    | 1 |  1.3
Maces & Flails | 1 |  1.3
Polearms       | 1 |  1.3
Staves         | 1 |  1.3
Slings         | 1 |  1.3
Bows           | 1 |  1.3
Crossbows      | 1 |  1.3
Throwing       | 1 |  1.3
Armour         | 1 |  1.3
Stealth        | 1 |  1.3
Shields        | 1 |  1.3
Unarmed Combat | 1 |  1.3
Evocations     | 1 |  1.3
Conjurations   | 1 |  1.1
Hexes          | 1 |  1.1
Charms         | 1 |  1.1
Summonings     | 1 |  1.1
Necromancy     | 1 |  1.1
Translocations | 1 |  1.1
Transmutations | 1 |  1.1
Fire Magic     | 1 |  1.1
Ice Magic      | 1 |  1.1
Air Magic      | 1 |  1.1
Earth Magic    | 1 |  1.1
Poison Magic   | 1 |  1.1
Fighting       | |  6.6
Axes           | |  6.6
Dodging        | |  6.6

Action                   |  1- 3 |  4- 6 || total
-------------------------+-------+-------++-------
Melee: War axe           |    85 |    48 ||   133
       Bite              |     5 |     5 ||    10
 Cast: Shock             |    22 |    15 ||    37
 Stab: Sleeping          |     5 |       ||     5
  Eat: Chunk             |     1 |     1 ||     2
Armor: Steam dragon scal |    19 |     7 ||    26
Dodge: Dodged            |    71 |    33 ||   104
Block: Buckler           |     2 |     9 ||    11
